 Dungeon Crawl Stone Soup version 0.32-a0-886-g41c5271 (webtiles) character file.

Game seed: 12147656022546713332

402 sdynet the Apothecary (level 7, 0/46 HPs)
             Began as a Formicid Alchemist on Apr 2, 2024.
             Slain by a phantom (1 damage)
             ... on level 4 of the Dungeon.
             The game lasted 00:17:18 (4685 turns).

sdynet the Apothecary (Formicid Alchemist)          Turns: 4685, Time: 00:17:19

Health: 0/46       AC:  3    Str: 12 (13) XL:     7   Next: 11%
Magic:  2/14       EV: 11    Int: 15 (16) God:
Gold:   87         SH:  0    Dex: 12 (14) Spells: 2/16 levels left

rFire   . . .        a - +0 short sword (venom)
rCold   . . .        (no shield)
rNeg    + + .        e - +0 robe
rPois   .            (helmet unavailable)
rElec   .            i - +0 cloak
rCorr   .            (no gloves)
SInv    +            (no boots)
Will    .....        (no amulet)
Stlth   ++           q - ring of positive energy
HPRegen 0.27/turn    d - ring of positive energy
MPRegen 0.14/turn

%: no passive effects
@: mighty, very slightly contaminated
A: permanent stasis, dig shafts and tunnels, antennae 3, four strong arms, sense
surroundings 1, wild magic 1, evolution 1
a: Dig, Shaft Self


You were on level 4 of the Dungeon.
You visited 1 branch of the dungeon, and saw 5 of its levels.

You collected 175 gold pieces.
You spent 88 gold pieces at shops.

Inventory:

Hand Weapons
 a - a +0 short sword of venom (weapon)
 b - a +0 sling
Missiles
 c - 3 atropa-tipped darts
 Z - 2 poisoned darts
Armour
 e - a +0 robe (worn)
 i - a +0 cloak (worn)
Jewellery
 d - a ring of positive energy (right hand)
 q - a ring of positive energy (left hand)
Potions
 f - a potion of magic {!q}
 h - a potion of mutation
 o - a potion of attraction


   Skills:
 - Level 1.7 Dodging
 - Level 2.4 Stealth
 + Level 5.1 Spellcasting
 - Level 1.0 Conjurations
 + Level 1.0 Fire Magic
 - Level 1.0 Air Magic
 + Level 7.0 Alchemy


You had 2 spell levels left.
You knew the following spells:

 Your Spells              Type           Power      Damage    Failure   Level
a - Sting                 Conj/Alch      80%        1d8       5%          1
b - Mercury Vapours       Alch/Air       40%        N/A       8%          2
c - Mephitic Cloud        Conj/Alch/Air  16%        N/A       21%         3
d - Sticky Flame          Fire/Alch      20%        2d6       38%         4
O - Olgreb's Toxic Radia  Alch           32%        N/A       13%         4

Your spell library contained the following spells:

 Spells                   Type           Power      Damage    Failure   Level
 Cigotuvi's Dreadful Rot  Necr/Alch/Air  30%        N/A       13%         2
 Ignite Poison            Fire/Alch      20%        N/A       38%         4
 Freezing Cloud           Conj/Ice/Air   3%         6-21      99%         5
 Ozocubu's Refrigeration  Ice            2%         4d8       100%        7
 Discord                  Hex            2%         N/A       100%        8


Dungeon Overview and Level Annotations

Branches:
Dungeon (5/15)
 Temple: D:4-7

Altars:
Kikubaaqudgha

Shops:
D:3 *

Annotations:
D:4 exclusion: downstairs


Innate Abilities, Weirdness & Mutations

You cannot be hasted, slowed, berserked, paralysed or teleported.
You can dig through walls and to a lower floor.
You have a pair of large antennae on your head. (SInv)
Your four strong arms can wield two-handed weapons with a shield.
You passively map a small area around you.
Your spells are a little harder to cast, but a little more powerful.
You have hidden genetic potential.


Message History

You feel very sick. The phantom closely misses you.
Press: ? - help, v - describe, . - travel
Here: a phantom (moderately damaged)
The floor.
You completely miss the phantom.
The phantom is moderately damaged.
You feel sick. The phantom hits you.
You miss the phantom.
The phantom is moderately damaged.
You feel sick.
The ribbon worm is no longer weakened.
The phantom hits you.
It was a potion of might.
You feel very mighty all of a sudden.
You feel sick. The phantom hits you.
You hit the phantom.
The phantom is moderately damaged.
You feel sick. The phantom hits you!
* * * LOW HITPOINT WARNING * * *
You closely miss the phantom.
The phantom is moderately damaged.
You feel sick. The phantom hits you.
* * * LOW HITPOINT WARNING * * *
You feel sick.
You aren't carrying any scrolls.
Okay, then.
Casting: Sticky Flame (quite dangerous; 38% risk of failure)
Confirm with . or Enter, or press ? or * to list all spells.
Aiming: Mercury Vapours (safe; 8% risk of failure)
Press: ? - help, Dir - move target, f - ribbon worm, p - phantom
Aim: a ribbon worm (lightly wounded, poisoned, chance to weaken: 99%) Fumes of mercury billow around the ribbon worm!
The ribbon worm looks even sicker.
The ribbon worm looks weaker.
The phantom looks weaker.
You feel sick. The phantom hits you.
* * * LOW HITPOINT WARNING * * *
You hit the phantom but do no damage.
The phantom is moderately damaged.
You feel sick.
You are no longer poisoned.
The phantom hits you.
You die...

****,*,**,* *,,,,#.#*,*
*,,,,..#*,* ##########
**,**#..#*,* #........#
*,,,,...#*,* #........#
*,***...#*** #........#
*,,,,...#
#........##########...#**
#..............@Ww..#,,{*
#........##########.#,*,*
########'## *.#,*,*
......##.# *.#,*,*
#####.##.# *******.#,*,*
...#.....# *..,,,,.#,*,*
.#)#.....#
#.#****##,*,********
)#)#.....# #.#
*,*,,,,,,,,* .#.#.....#
##.## *,********,*


You could see a phantom (weak) and a ribbon worm (very poisoned, weak).

Vanquished Creatures
  A water moccasin (D:4)
  5 orc priests (D:4)
  An iguana (D:4)
  3 adders
  3 dart slugs
  13 orcs
  An endoplasm (D:1)
  5 giant cockroaches
  2 goblins
  22 jackals
  4 quokkas
  8 ball pythons
  4 bats
  2 frilled lizards
  2 kobolds
  3 rats
79 creatures vanquished.

Notes
Turn   | Place    | Note
-------+----------+-------------------------------------------
     0 | D:1      | sdynet the Formicid Alchemist began the quest for the Orb.
     0 | D:1      | Reached XP level 1. HP: 13/13 MP: 3/3
   110 | D:1      | Reached skill level 1 in Conjurations
   354 | D:1      | Reached XP level 2. HP: 19/19 MP: 1/5
   357 | D:1      | Learned a level 2 spell: Mercury Vapours
  1311 | D:2      | Found an ancient bone altar of Kikubaaqudgha.
  1449 | D:2      | Reached XP level 3. HP: 24/24 MP: 0/7
  1567 | D:2      | Found a faded altar of an unknown god.
  1870 | D:2      | Learned a level 3 spell: Mephitic Cloud
  1964 | D:3      | Reached skill level 5 in Alchemy
  2103 | D:3      | Reached XP level 4. HP: 28/30 MP: 1/8
  2348 | D:3      | Found Vaikk's Assorted Antiques.
  2405 | D:3      | Bought 2 white potions for 59 gold pieces
  2803 | D:3      | Bought a fuming cyan potion for 29 gold pieces
  2946 | D:4      | Reached skill level 1 in Air Magic
  2946 | D:4      | Reached XP level 5. HP: 33/35 MP: 4/10
  2960 | D:3      | Learned a level 4 spell: Olgreb's Toxic Radiance
  3366 | D:4      | Reached skill level 6 in Alchemy
  3366 | D:4      | Reached XP level 6. HP: 41/41 MP: 3/12
  3451 | D:4      | Noticed a water moccasin
  3858 | D:4      | HP: 2/41 [water moccasin (7)]
  4091 | D:5      | Entered Level 5 of the Dungeon
  4091 | D:5      | Noticed an ogre
  4091 | D:5      | Noticed a water moccasin
  4216 | D:4      | Learned a level 4 spell: Sticky Flame
  4321 | D:4      | Gained mutation: You passively map a small area around you.
                  | [potion of mutation]
  4321 | D:4      | Gained mutation: Your spells are a little harder to cast,
                  | but a little more powerful. [potion of mutation]
  4321 | D:4      | Gained mutation: You have hidden genetic potential. [potion
                  | of mutation]
  4324 | D:4      | Killed a water moccasin
  4325 | D:4      | Reached skill level 5 in Spellcasting
  4325 | D:4      | Reached skill level 1 in Fire Magic
  4325 | D:4      | Reached skill level 7 in Alchemy
  4325 | D:4      | Reached XP level 7. HP: 41/46 MP: 9/14
  4684 | D:4      | HP: 2/46 [phantom (1)]
  4685 | D:4      | Slain by a phantom

Illustrated notes

Levels and vault maps discovered:
D:1:      minmay_arrival_arboretum_large, layout_loops_corners
D:2:      layout_basic, basic_altar, chequers_ecumenical_altar_twisty,
          minmay_indecisive_spiral
D:3:      layout_loops_ring, serial_shops, shop
D:4:      cheibrodos_pilgrimage, layout_basic
D:5:      layout_rooms, nicolae_wu_jian_wuxing_cycle,
          nicolae_overflow_macrodata_refinement,
          minmay_shop_enchanted_jewellery, uniq_edmund, uniq_prince_ribbit1

Skill      XL: |  1  2  3  4  5  6 |
---------------+-------------------+-----
Conjurations   | 1 |  1.0
Spellcasting   | 3 4 5 |  5.1
Alchemy        | 5 6 7 |  7.0
Air Magic      | 1 |  1.0
Fire Magic     | 1 |  1.0
Dodging        | |  1.7
Stealth        | |  2.4

Action                     |  1- 3 |  4- 6 |  7- 9 || total
---------------------------+-------+-------+-------++-------
  Melee: Dagger            |     1 |       |       ||     1
         Short sword       |       |    19 |    11 ||    30
   Fire: Sling             |    46 |    45 |       ||    91
  Throw: Dart              |       |     4 |       ||     4
   Cast: Sting             |    45 |    64 |     3 ||   112
         Mercury Vapours   |     1 |     8 |     3 ||    12
         Olgreb's Toxic Ra |       |     2 |       ||     2
         Sticky Flame      |       |     1 |     1 ||     2
         Mephitic Cloud    |       |     1 |       ||     1
    Use: Scroll            |     5 |     5 |       ||    10
         Potion            |       |     8 |     1 ||     9
   Stab: Sleeping          |     1 |       |       ||     1
 Armour: Robe              |    25 |    69 |    11 ||   105
  Dodge: Dodged            |    19 |    34 |     4 ||    57

Table legend: (Time is in decaauts)
 A = Elapsed time spent in this place.
 B = Non-inter-level travel time spent in this place.
 C = Inter-level travel time spent in this place.
 D = Time resting spent in this place.
 E = Time spent auto-exploring this place.
 F = Levels seen in this place.
 G = Mean time per level.
                   A        B        C        D        E       F      G
               +--------+--------+--------+--------+--------+-----+--------+
         Total |   4726 |   4391 |    335 |     50 |   3566 |   5 |  945.2 |
       Dungeon |   4726 |   4391 |    335 |     50 |   3566 |   5 |  945.2 |
               +--------+--------+--------+--------+--------+-----+--------+

Top non-repeatable levels by time:
     D:3: 1519 daAuts
     D:4: 1246 daAuts
     D:1: 1104 daAuts
     D:2: 854 daAuts
     D:5: 1 daAuts
